 Dungeon Crawl Stone Soup version 0.23-a0-519-ga799fc4 (webtiles) character file.

200 dinkinflicka the Magician (level 5, -5/48 HPs)
             Began as a Naga Wanderer on Dec 6, 2018.
             Slain by Grinder (9 damage)
             ... while paralysed by Grinder
             ... on level 3 of the Dungeon.
             The game lasted 00:12:43 (4225 turns).

dinkinflicka the Magician (Naga Wanderer)           Turns: 4225, Time: 00:12:45

Health: -5/48      AC:  2    Str: 14    XL:     5   Next: 78%
Magic:  9/9        EV:  1    Int: 16    God:
Gold:   175        SH:  0    Dex:  8    Spells: 6/10 levels left

rFire    . . .     SeeInvis +   u - +0 trident
rCold    . . .     Gourm    .   (no shield)
rNeg     . . .     Faith    .   d - +0 robe
rPois    +         Spirit   .   (no helmet)
rElec    .         Reflect  .   (no cloak)
rCorr    .         Harm     .   (no gloves)
MR       .....                  (no barding)
Stlth    +.........             (no amulet)
HPRegen  0.16/turn              h - ring of flight
MPRegen  0.11/turn              (no ring)

@: paralysed, short of breath, very slow
A: large, see invisible, deformed body, poison resistance, slowness 2, slow
metabolism 1, spit poison 1, AC +1
a: Spit Poison, Evoke Flight


You were on level 3 of the Dungeon.
You were very hungry.

You visited 1 branch of the dungeon, and saw 4 of its levels.

You collected 175 gold pieces.

Inventory:

Hand Weapons
 b - a +2 blowgun
 s - a +0 hunting sling
 u - a +0 trident (weapon)
Missiles
 c - 94 stones (quivered)
 j - 9 arrows
 p - 37 sling bullets
Armour
 d - a +0 robe (worn)
 e - a +0 leather armour
 x - a +0 scale mail
Jewellery
 h - a ring of flight (left hand)
Scrolls
 o - a scroll of remove curse {@r2}
 q - 2 scrolls of magic mapping
Potions
 g - a potion of invisibility
Comestibles
 f - 6 rations


   Skills:
 + Level 2.8 Fighting
 * Level 2.7 Polearms
 - Level 1.0 Throwing
 - Level 3.0 Spellcasting
   Level 1.0 Conjurations
   Level 2.0 Hexes
 - Level 1.0 Charms
 + Level 3.0 Ice Magic
   Level 1.0 Earth Magic
 - Level 1.0 Evocations


You had 6 spell levels left.
You knew the following spells:

 Your Spells              Type           Power        Failure   Level  Hunger
a - Freeze                Ice            ##..         5%          1    #......
b - Ozocubu's Armour      Chrm/Ice       #.......     24%         3    ###....

Your spell library contained the following spells:

 Spells                   Type           Power        Failure   Level  Hunger


Dungeon Overview and Level Annotations

Branches:
Dungeon (4/15)
 Temple: D:4-7

Altars:
Fedhas
Nemelex Xobeh
Uskayaw

Annotations:
D:3 Grinder, Sigmund


Innate Abilities, Weirdness & Mutations

You cannot wear boots.
Your serpentine skin is tough. (AC +1)
You have supernaturally acute eyesight. (SInv)
Armour fits poorly on your strangely shaped body.
Your system is resistant to poisons. (rPois)
You cover ground very slowly.
You have a slow metabolism.
You can spit poison.


Message History

Okay, then.
As you read the scroll of fog, it crumbles to dust.
The scroll dissolves into smoke.
You start resting.
You feel a little less mighty now.
Attack whom?
Aim: Grinder (purple smoke, lightly wounded)
Okay, then.
Aim: Grinder (purple smoke, lightly wounded)
The splash of poison misses Grinder.
You feel slightly more hungry.
Grinder says, "There's only one good use for a tongue: cutting it out."
You closely miss Grinder. You hit Grinder but do no damage.
Grinder says, "Just stop there for a second..."
Grinder gestures at you.
You suddenly lose the ability to move!
Grinder hits you.
* * * LOW HITPOINT WARNING * * *
Grinder hits you!
You die...

#.# #.#.# #>#
#.#.# #.# #.#.#
#.# #.#.# #.#
#.#.# #.# #.#.#
#.# #.#.# #.#
############.#.#
..#
#@5ยงยง........#.#
..#
########5......#
#.# #.####### #.#
#.# #.# #.#
#)########## #.#
#..........# #.#
##########.# #.#
#.# #.#


You could see Grinder.

Vanquished Creatures
  A howler monkey (D:3)
  2 orc wizards (D:3)
  3 adders
  An ooze (D:1)
  2 worms
  2 dart slugs (D:1)
  2 leopard geckos (D:1)
  3 orcs
  7 giant cockroaches
  7 goblins
  7 hobgoblins
  4 jackals (D:2)
  6 bats
  3 frilled lizards
  4 kobolds
  12 rats
66 creatures vanquished.

Notes
Turn   | Place    | Note
-------+----------+-------------------------------------------
     0 | D:1      | dinkinflicka the Naga Wanderer began the quest for the Orb.
     0 | D:1      | dinkinflicka set off with the following items: 3
                  | curare-tipped needles {!f}, a +2 blowgun, a +0 robe, a
                  | ration; and the following spell memorised: Freeze; and the
                  | following spells available to memorise: Ozocubu's Armour
     0 | D:1      | Reached XP level 1. HP: 15/15 MP: 4/4
   195 | D:1      | Reached skill level 1 in Fighting
   195 | D:1      | Reached XP level 2. HP: 21/25 MP: 1/6
   801 | D:1      | Reached XP level 3. HP: 26/31 MP: 3/7
  1270 | D:1      | Learned a level 3 spell: Ozocubu's Armour
  1300 | D:2      | Found a hide-covered altar of Uskayaw.
  1766 | D:2      | Reached XP level 4. HP: 32/39 MP: 8/8
  1879 | D:2      | Found a blossoming altar of Fedhas.
  1977 | D:2      | Reached skill level 1 in Polearms
  2507 | D:3      | Noticed Sigmund
  2725 | D:3      | Noticed Grinder
  2730 | D:3      | Paralysed by Grinder for 5 turns
  3133 | D:3      | Reached skill level 1 in Charms
  3295 | D:3      | Found a sparkling altar of Nemelex Xobeh.
  3380 | D:3      | Reached XP level 5. HP: 19/46 MP: 4/9
  4223 | D:3      | Paralysed by Grinder for 6 turns
  4225 | D:3      | Slain by Grinder

Vault maps used:
D:1:      wheals_arrival_linesprint
D:2:      eat_drink_and_be_merry_uskayaw, fedhas_altar_fruit_tree
D:3:      nemelex_altar_shiori, first_ration, uniq_sigmund, uniq_natasha,
          uniq_grinder

Skill      XL: |  1  2  3  4  5 |
---------------+----------------+-----
Fighting       | 1 2 |  2.8
Ice Magic      | 2 3 |  3.0
Polearms       | 2 |  2.7
Charms         | 1 |  1.0
Throwing       | |  1.0
Spellcasting   | |  3.0
Conjurations   | |  1.0
Hexes          | |  2.0
Earth Magic    | |  1.0
Evocations     | |  1.0

Action                   |  1- 3 |  4- 6 || total
-------------------------+-------+-------++-------
Melee: Club              |    20 |       ||    20
       Spear             |    23 |    60 ||    83
       Trident           |       |    12 ||    12
 Fire: Blowgun           |       |     3 ||     3
 Cast: Freeze            |    52 |    36 ||    88
       Ozocubu's Armour  |       |     1 ||     1
 Abil: Spit Poison       |       |     8 ||     8
  Use: Scroll            |     4 |     6 ||    10
       Potion            |       |     4 ||     4
  Eat: Chunk             |     1 |     6 ||     7
Armor: Robe              |     9 |    20 ||    29
Dodge: Dodged            |    43 |    49 ||    92

Table legend:
 A = Non-vault XP
 B = Vault XP
 C = Vault XP percentage of total XP
 D = Non-vault monster count
 E = Vault monster count
 F = Vault count percentage of total count
                 A         B        C        D         E       F
            +---------+---------+-------+---------+---------+-------
      Total |     286 |       0 |   0.0 |      66 |       0 |   0.0
            +---------+---------+-------+---------+---------+-------
        D:1 |      48 |       0 |   0.0 |      24 |       0 |   0.0
        D:2 |      72 |       0 |   0.0 |      27 |       0 |   0.0
        D:3 |     166 |       0 |   0.0 |      15 |       0 |   0.0
            +---------+---------+-------+---------+---------+-------
